 Dungeon Crawl Stone Soup version 0.29.0-5-ge4962eb29e (webtiles) character file.

Game seed: 8229559046704798646

8349 SigmundSlayer the Grappler (level 11, -5/109 HPs)
             Began as a Troll Fighter on Aug 29, 2022.
             Was a High Priest of Okawaru.
             Slain by a freezing wraith (22 damage)
             ... on level 10 of the Dungeon.
             The game lasted 00:09:55 (7872 turns).

SigmundSlayer the Grappler (Troll Fighter)          Turns: 7872, Time: 00:09:56

Health: -5/109     AC:  9    Str: 30    XL:     11   Next: 8%
Magic:  14/15      EV: 12    Int:  4    God:    Okawaru [*****.]
Gold:   507        SH: 12    Dex: 15    Spells: 10/10 levels left

rFire   + . .      SeeInvis .     - Unarmed
rCold   . . .      Faith    .   b - +0 kite shield
rNeg    . . .      Spirit   .   r - +2 robe {rF+}
rPois   .          Reflect  .   (helmet restricted)
rElec   .          Harm     .   c - +2 cloak
rCorr   .          Rampage  .   (gloves unavailable)
Will    .....                   (boots unavailable)
Stlth   +++.......              (no amulet)
HPRegen 1.08/turn               B - +6 ring of dexterity
MPRegen 0.14/turn               n - +4 ring of slaying

@: heroic, slowed, studying Long Blades, very slow
A: large, unfitting armour, claws 3, regeneration 1, shaggy fur 1, tough skin 1
a: Renounce Religion, Heroism, Finesse, Duel


You were on level 10 of the Dungeon.
You worshipped Okawaru.
Okawaru was extremely pleased with you.
You visited 1 branch of the dungeon, and saw 10 of its levels.

You collected 507 gold pieces.

Inventory:

Missiles
 a - 3 throwing nets (quivered)
 C - 3 large rocks
Armour
 b - a +0 kite shield (worn)
 c - a +2 cloak (worn)
 r - a +2 robe of fire resistance (worn)
Jewellery
 n - a +4 ring of slaying (right claw)
 o - a +6 ring of intelligence
 B - a +6 ring of dexterity (left claw)
Wands
 e - a wand of flame (21)
 h - a wand of quicksilver (7)
 u - a wand of paralysis (9)
 v - a wand of mindburst (18)
 y - a wand of roots (18)
Scrolls
 d - 2 scrolls of poison
 f - 2 scrolls of teleportation
 g - 4 scrolls of fear
 i - 2 scrolls of amnesia
 t - 2 scrolls of brand weapon
 A - 2 scrolls of identify
Potions
 j - 5 potions of curing
 k - a potion of heal wounds
 l - 4 potions of lignification
 m - a potion of resistance
 p - 3 potions of brilliance
 q - 3 potions of attraction
 s - a potion of cancellation
 w - a potion of flight
 x - a potion of ambrosia {unknown}
 z - 3 potions of haste {unknown}


   Skills:
 + Level 7.2(12.2) Fighting
 + Level 3.0(8.0) Throwing
 + Level 0.5(5.5) Armour
 + Level 2.6(7.6) Dodging
 - Level 0.4(5.4) Stealth
 + Level 8.0(13.0) Shields
 + Level 9.1(14.1) Unarmed Combat
 + Level 7.6 Invocations


You had 10 spell levels left.
You didn't know any spells.
Your spell library contained the following spells:

 Spells                   Type           Power      Damage    Failure   Level
 Sandblast                Erth           0%         2d4       67%         1
 Passwall                 Tmut/Erth      0%         N/A       82%         2
 Frozen Ramparts          Ice            0%         1d1       96%         3
 Stone Arrow              Conj/Erth      0%         3d7       96%         3
 Ice Form                 Ice/Tmut       0%         N/A       100%        4
 Summon Ice Beast         Ice/Summ       Unusable   N/A       N/A         4

Dungeon Overview and Level Annotations

Branches:
Dungeon (10/15)            Temple (0/1) D:4            Lair (0/5) D:10
    Orc: D:9-12

Altars:
Cheibriados
Hepliaklqana
Kikubaaqudgha
Okawaru
Sif Muna
Trog
Uskayaw
Vehumet
Yredelemnul

Shops:
D:4 :   D:6 (**!:   D:8 *


Innate Abilities, Weirdness & Mutations

You are too large for most types of armour.
You have claws for hands.
Your natural rate of healing is unusually fast.
You are covered in fur. (AC +1)
You have tough skin. (AC +1)


Message History

The freezing wraith is severely damaged.
The two-headed ogre shouts in stereo!
The freezing wraith hits you but does no damage.
You block the freezing wraith's attack. The freezing wraith closely misses you.
The freezing wraith hits you! The freezing wraith drains your vigour!
You feel as though you will be slow longer.
You scratch the freezing wraith.
The freezing wraith is severely damaged.
The freezing wraith barely misses you.
The freezing wraith completely misses you.
You gain the combat prowess of a mighty hero.
You block the freezing wraith's attack. x2
The freezing wraith closely misses you. The freezing wraith hits you!
You claw the freezing wraith!
The freezing wraith is almost destroyed.
The freezing wraith hits you. The freezing wraith freezes you!!
The freezing wraith misses you.
You scratch the freezing wraith but do no damage.
The freezing wraith is almost destroyed.
The freezing wraith hits you. The freezing wraith freezes you!
* * * LOW HITPOINT WARNING * * *
The freezing wraith hits you!
* * * LOW HITPOINT WARNING * * *
The freezing wraith drains your vigour!
You feel as though you will be slow longer.
You feel much better. The freezing wraith hits you.
The freezing wraith freezes you!
* * * LOW HITPOINT WARNING * * *
The freezing wraith hits you but does no damage. x2
The freezing wraith misses you.
Unknown command.
You barely miss the freezing wraith.
The freezing wraith is severely damaged.
The freezing wraith closely misses you. x2
You barely miss the freezing wraith.
The freezing wraith is severely damaged.
The freezing wraith hits you!
* * * LOW HITPOINT WARNING * * *
The freezing wraith freezes you!!
You die...

##.#.###.###..##..#
##.#.# #.# ##.# ..#
...#.# #.####.# ..#
####.# #......# ..#
...#.########## O.
##.#.....<#### C#
#####
#.###.......###.#
#...# #.#
#.......##W## ##.##
#.#
#.......###@###.##
#.# #.......#
##.#.## #.#
#.......# ##.## #.#
#.......# #.#
#.###.......# #.#
#..########## #.#
##........#######.#
#..#####.#.......#
#........#.#######


You could see a freezing wraith.

Vanquished Creatures
  An ugly thing (D:10)
  3 manticores
  A gargoyle (D:5)
  A komodo dragon (D:10)
  Grinder (D:3)
  15 yaks
  A steam dragon (D:7)
  Eustachio (D:6)
  An acid dragon (D:10)
  Duvessa (D:5)
  7 water moccasins
  An orc warrior (D:8)
  4 centaurs
  4 kobold brigands
  Blork the orc (D:5)
  6 bullfrogs
  2 scorpions (D:5)
  5 wights (D:9)
  Dowan (D:5)
  A killer bee (D:5)
  5 howler monkeys
  3 jellies
  5 hounds
  Crazy Yiuf (D:5)
  Jessica (D:2)
  7 orc wizards
  Ijyb (D:5)
  Terence (D:3)
  4 iguanas
  Robin (D:2)
  11 adders
  3 gnolls (D:5)
  4 white imps
  A dart slug (D:4)
  2 worms
  28 orcs
  5 ball pythons
  9 endoplasms
  4 giant cockroaches
  17 goblins
  8 hobgoblins
  13 jackals
  5 quokkas
  4 bats
  3 frilled lizards
  22 kobolds
  4 rats
230 creatures vanquished.

Vanquished Creatures (others)
  29 fungi (D:10)
  24 plants (D:10)
53 creatures vanquished.

Grand Total: 283 creatures vanquished

Notes
Turn   | Place    | Note
-------+----------+-------------------------------------------
     0 | D:1      | SigmundSlayer the Troll Fighter began the quest for the
                  | Orb.
     0 | D:1      | Reached XP level 1. HP: 22/22 MP: 0/0
   242 | D:1      | Reached XP level 2. HP: 28/29 MP: 1/1
   258 | D:1      | Found a faded altar of an unknown god.
   853 | D:1      | Prayed at the altar of an unknown god.
   853 | D:1      | Became a worshipper of Warmaster Okawaru
   853 | D:1      | Reached * piety under Okawaru
   974 | D:2      | Reached XP level 3. HP: 36/36 MP: 2/2
  1107 | D:2      | Reached skill level 3 in Unarmed Combat
  1189 | D:2      | Noticed Robin
  1196 | D:2      | Killed Robin
  1197 | D:2      | Reached XP level 4. HP: 45/45 MP: 3/3
  1321 | D:2      | Noticed Jessica
  1331 | D:2      | Killed Jessica
  1332 | D:2      | Reached skill level 1 in Invocations
  1749 | D:3      | Found a hazy altar of Hepliaklqana.
  1838 | D:3      | Noticed Grinder
  1853 | D:3      | Reached XP level 5. HP: 27/53 MP: 5/5
  1858 | D:3      | Killed Grinder
  1858 | D:3      | Reached ** piety under Okawaru
  1859 | D:3      | Reached skill level 4 in Unarmed Combat
  1859 | D:3      | Reached XP level 6. HP: 21/61 MP: 6/6
  2052 | D:3      | Found a shimmering blue altar of Sif Muna.
  2079 | D:3      | Identified the +0 dagger "Woozoici" {pain, rF+ rCorr}
  2088 | D:3      | Found a radiant altar of Vehumet.
  2151 | D:3      | Noticed Terence
  2156 | D:3      | Killed Terence
  2244 | D:4      | Found a staircase to the Ecumenical Temple.
  2272 | D:4      | You fall into a shaft and drop 1 floor!
  2272 | D:5      | Entered Level 5 of the Dungeon
  2310 | D:5      | Reached skill level 5 in Unarmed Combat
  2334 | D:5      | Noticed a water moccasin
  2344 | D:5      | Killed a water moccasin
  2345 | D:5      | Reached XP level 7. HP: 56/67 MP: 8/8
  2568 | D:4      | Found an iron altar of Okawaru.
  2941 | D:4      | Found Dukamn's Tremendous Tomes.
  3080 | D:4      | Reached *** piety under Okawaru
  3378 | D:5      | Noticed Ijyb
  3383 | D:5      | Killed Ijyb
  3388 | D:5      | Found an ancient bone altar of Kikubaaqudgha.
  3401 | D:5      | Noticed a gargoyle
  3468 | D:5      | Killed a gargoyle
  3469 | D:5      | Reached skill level 5 in Shields
  3469 | D:5      | Reached skill level 6 in Unarmed Combat
  3469 | D:5      | Reached XP level 8. HP: 55/79 MP: 7/10
  3572 | D:5      | Noticed Duvessa
  3575 | D:5      | Noticed Dowan
  3592 | D:5      | Killed Duvessa
  3599 | D:5      | Killed Dowan
  3620 | D:5      | Found a bloodstained altar of Trog.
  3679 | D:5      | Found a runed translucent door.
  3680 | D:5      | Noticed Crazy Yiuf
  3696 | D:5      | Killed Crazy Yiuf
  3933 | D:5      | Noticed Blork the orc
  3936 | D:5      | Killed Blork the orc
  3936 | D:5      | Reached **** piety under Okawaru
  4211 | D:5      | Reached skill level 5 in Fighting
  4296 | D:6      | Found Xamupeija's Assorted Antiques.
  4357 | D:6      | Reached skill level 5 in Invocations
  4391 | D:6      | Noticed Eustachio
  4418 | D:6      | Killed Eustachio
  4419 | D:6      | Reached XP level 9. HP: 88/88 MP: 11/11
  4448 | D:6      | Found Qaloats's General Store.
  4522 | D:6      | Found Xaala's Antique Weapon Emporium.
  4687 | D:6      | Found Ynuolyar's Distillery.
  4797 | D:6      | Reached skill level 7 in Unarmed Combat
  4861 | D:6      | Found Cuar's Book Shoppe.
  5239 | D:7      | Found a hide-covered altar of Uskayaw.
  5404 | D:7      | Found a snail-covered altar of Cheibriados.
  5645 | D:8      | Reached ***** piety under Okawaru
  5867 | D:8      | Found Zyfeo's Assorted Antiques.
  6112 | D:9      | Noticed a manticore
  6122 | D:9      | Killed a manticore
  6123 | D:9      | Reached skill level 8 in Unarmed Combat
  6236 | D:9      | Reached XP level 10. HP: 91/98 MP: 13/13
  6407 | D:9      | Noticed a manticore
  6417 | D:9      | Killed a manticore
  6417 | D:9      | Received a gift from Okawaru
  6845 | D:9      | Reached skill level 1 in Throwing
  7343 | D:10     | Entered Level 10 of the Dungeon
  7386 | D:10     | Received a gift from Okawaru
  7441 | D:10     | Reached skill level 9 in Unarmed Combat
  7494 | D:10     | Found a staircase to the Lair.
  7564 | D:10     | Found a basalt altar of Yredelemnul.
  7690 | D:10     | Noticed a green ugly thing
  7701 | D:10     | Killed a green ugly thing
  7702 | D:10     | Reached XP level 11. HP: 107/109 MP: 15/15
  7863 | D:10     | Noticed a two-headed ogre
  7872 | D:10     | Slain by a freezing wraith

Illustrated notes

Levels and vault maps discovered:
D:1:      dpeg_arrival_three_smaller_balls, layout_loops_corners,
          shapermc_ecumenical_altar_acropolis
D:2:      layout_loops_ring, st_stairs_3, uniq_robin, uniq_jessica
D:3:      layout_rooms, fiery_altar_vehumet, worldfamousw_hep_ancestral_shrine,
          nicolae_sif_muna_condensation, chequers_serial_rivers_micro_e,
          st_stairs_2, kennysheep_generic_room_13, uniq_terence, uniq_grinder
D:4:      layout_cave_pods, kennysheep_okawaru_gauntlet,
          minmay_temple_entry_glass, nicolae_shop_i_like_big_books
D:5:      layout_rooms, kennysheep_mini_moat, trog_hazing_becter,
          roderic_lattice_a, minmay_crystal_room, grunt_decor_clamped,
          minmay_manual_mess, uniq_crazy_yiuf_cottage, uniq_blork_the_orc,
          uniq_duvessa, uniq_ijyb
D:6:      layout_loops_cross, serial_shops, shop, shop, nicolae_stop_n_shop_1,
          nicolae_stop_n_shop_2, shop, uniq_eustachio
D:7:      layout_basic, cheibrodos_worm_habitat,
          nicolae_uskayaw_murder_on_the_dancefloor
D:8:      layout_cave_pools, serial_shops, nicolae_take_the_stairs
D:9:      layout_layer_cave
D:10:     minmay_sliced_demisemicircle, layout_loops_cross, lemuel_tele_altar,
          mainiacjoe_overflow_catwalk, due_lair_maze_entry_diamond

Skill      XL: |  1  2  3  4  5  6  7  8  9 10 11 |
---------------+----------------------------------+-----
Shields        | 3 4 5 6 8 |  8.0
Unarmed Combat | 3 4 5 6 8 9 |  9.1
Fighting       | 3 4 5 6 7 |  7.2
Invocations    | 1 2 3 4 5 6 7 |  7.6
Throwing       | 2 3 |  3.0
Armour         | |  0.5
Dodging        | |  2.6
Stealth        | |  0.4

Action                   |  1- 3 |  4- 6 |  7- 9 | 10-12 || total
-------------------------+-------+-------+-------+-------++-------
Melee: Unarmed           |   109 |   122 |   375 |   139 ||   745
Invok: Heroism           |       |       |     2 |     3 ||     5
  Use: Potion            |       |     1 |     7 |     1 ||     9
       Scroll            |       |       |    17 |     2 ||    19
 Stab: Sleeping          |       |     1 |     2 |       ||     3
Armor: Robe              |    43 |    28 |   122 |    36 ||   229
Dodge: Dodged            |    47 |    47 |   141 |    50 ||   285
Block: Kite shield       |    46 |    42 |   168 |    72 ||   328
